 Dungeon Crawl Stone Soup version 0.18-a0-1372-gd644665 (webtiles) character file.

325 wvc the Changer (level 6, -1/51 HPs)
             Began as a Naga Transmuter on Feb 21, 2016.
             Slain by a gnoll
             ... wielding a +2 whip of draining
              (9 damage)
             ... on level 3 of the Dungeon.
             The game lasted 00:08:57 (4876 turns).

wvc the Changer (Naga Transmuter)                   Turns: 4876, Time: 00:08:57

Health: -1/51      AC:  5    Str: 13    XL:     6   Next: 48%
Magic:  11/11      EV:  9    Int: 15    God:
Gold:   152        SH:  0    Dex: 11    Spells: 3 memorised, 4 levels left

rFire  . . .     SeeInvis +       - Unarmed
rCold  . . .     Gourm    .     b - +0 robe
rNeg   . . .     Faith    .     (no shield)
rPois  +         Spirit   .     (no helmet)
rElec  .         Dismiss  .     r - +1 cloak
rCorr  .         Reflect  .     (no gloves)
SustAt +         Harm     .     (no barding)
MR     +....                    (no amulet)
Stlth  +.........               j - ring of protection from magic
                                g - ring of sustain attributes

@: drained, very slow, somewhat resistant to hostile enchantments, very
unstealthy
A: see invisible, deformed body, poison resistance, slowness 2, slow metabolism
1, spit poison 2, AC +2
a: Spit Poison


You were on level 3 of the Dungeon.
You were hungry.

You visited 1 branch of the dungeon, and saw 3 of its levels.

You collected 152 gold pieces.

Inventory:

Missiles
 a - 52 arrows
Armour
 b - a +0 robe (worn)
 r - a +1 cloak (worn)
Jewellery
 g - a ring of sustain attributes (left hand)
 j - a ring of protection from magic (right hand)
Scrolls
 e - a scroll of amnesia
 k - a scroll of immolation
 m - a scroll of identify
Potions
 i - 3 potions of lignification
 n - a potion of brilliance {unknown}
 o - a potion of cancellation {unknown}
 s - a potion of berserk rage
Books
 c - a book of Changes

   Spells                             Type                      Level
   a - Beastly Appendage              Transmutation                1
   b - Sticks to Snakes               Transmutation                2
   c - Spider Form                    Transmutation/Poison         3
   d - Ice Form                       Ice/Transmutation            4
   e - Blade Hands                    Transmutation                5
Comestibles
 d - 3 bread rations
 f - 2 meat rations
 h - 4 chunks of flesh


   Skills:
 - Level 1.0(0.6) Fighting
 - Level 1.5(1.1) Dodging
 - Level 3.0(2.5) Unarmed Combat
 + Level 3.8(3.4) Spellcasting
 * Level 4.8(4.4) Transmutations
 * Level 1.7(1.3) Ice Magic
 - Level 2.0(1.6) Poison Magic


You had 4 spell levels left.
You knew the following spells:

 Your Spells              Type           Power        Failure   Level  Hunger
a - Beastly Appendage     Trmt           ###...       3%          1    None
b - Spider Form           Trmt/Pois      ##........   21%         3    ###....
c - Ice Form              Ice/Trmt       ##......     67%         4    ####...


Dungeon Overview and Level Annotations

Branches:
Dungeon (3/15)

Altars:
Elyvilon
Makhleb
Ru
Vehumet
Zin


Innate Abilities, Weirdness & Mutations

You cannot wear boots.
Your serpentine skin is tough (AC +2).
You have supernaturally acute eyesight.
Armour fits poorly on your strangely shaped body.
Your system is resistant to poisons.
You cover ground very slowly.
You have a slow metabolism.
You can spit poison.


Message History

The gnoll shaman calls upon its god to speed up the gnoll.
The gnoll seems to speed up.
The gnoll shaman prays to its god.
The gnoll shaman is healed somewhat.
Your transformation has ended.
Your +1 cloak unmelds from your body.
Your +0 robe unmelds from your body.
The gnoll completely misses you.
The gnoll shaman calls upon its god to speed up something.
The gnoll barely misses you.
You hit the gnoll but do no damage.
The gnoll is lightly wounded.
You kill the gnoll shaman!
The gnoll barely misses you.
You closely miss the gnoll.
The gnoll is lightly wounded.
The gnoll hits you but does no damage.
You feel drained.
You barely miss the gnoll.
The gnoll is lightly wounded.
The gnoll hits you with a whip of draining!
You die...

#≈≈#####≈≈≈≈≈≈≈gggg≈)...≈≈≈≈≈≈≈
###≈≈≈≈≈≈≈≈≈≈≈≈≈≈g≈≈≈≈....≈≈≈≈≈≈≈
...≈≈≈≈≈≈≈≈)≈≈≈≈≈≈≈≈≈≈....≈≈≈≈≈≈≈
##..P..........)....g............
....)..........g..)..>#..........
###########.###.##....'##########
#.....)....##.g#....#..........
###..........###g#....#......§§.§
.##..........# #@####)#..§≈≈≈≈§..
.##..........# #.## #.#..§≈≈≈≈≈..
.##########'## #..# #.#.§≈≈##≈§..
.# #.# ##.# #.#.§≈§##≈≈.. .# #.#
#.###.#.§§≈§§§§.. ## #.#
#..##.#.§≈§≈§§≈.. ###########.#
##.##.#.......... ............#
#..#.#.......... .############
##.#.'##########


You could see 3 gnolls.

Vanquished Creatures
  2 gnoll shamans (D:3)
  9 gnolls (D:3)
  7 adders
  4 worms
  2 giant geckos
  2 orcs (D:3)
  7 bats
  7 giant cockroaches
  8 goblins
  14 hobgoblins
  16 jackals (D:3)
  7 kobolds
  A quokka (D:2)
  7 ball pythons
  2 giant newts
  6 rats
101 creatures vanquished.

Notes
Turn   | Place    | Note
--------------------------------------------------------------
     0 | D:1      | wvc the Naga Transmuter began the quest for the Orb.
     0 | D:1      | Reached XP level 1. HP: 18/18 MP: 3/3
   722 | D:1      | Reached XP level 2. HP: 25/25 MP: 5/5
  1000 | D:1      | Reached XP level 3. HP: 19/31 MP: 6/6
  1257 | D:2      | Found a burning altar of Makhleb.
  1257 | D:2      | Noticed a cacodemon
  1258 | D:2      | Found a glowing silver altar of Zin.
  1258 | D:2      | Noticed an angel
  1598 | D:2      | Learned a level 3 spell: Spider Form
  1901 | D:2      | Reached skill level 1 in Poison Magic
  2399 | D:2      | Found a white marble altar of Elyvilon.
  2399 | D:2      | Found a sacrificial altar of Ru.
  2441 | D:2      | Reached XP level 4. HP: 24/38 MP: 8/8
  2587 | D:2      | Found a radiant altar of Vehumet.
  3355 | D:2      | Reached XP level 5. HP: 40/44 MP: 9/9
  3531 | D:3      | Learned a level 4 spell: Ice Form
  3755 | D:3      | Reached skill level 4 in Transmutations
  3898 | D:3      | Reached skill level 1 in Ice Magic
  3899 | D:3      | HP: 2/44 [poisoned by a gnoll]
  4367 | D:3      | Reached XP level 6. HP: 41/51 MP: 7/11
  4876 | D:3      | Slain by a gnoll

Vault maps used:
D:1:      lemuel_arrival_muddy
D:2:      kennysheep_big_flooded_room, grunt_temple_overflow_order_and_chaos_2,
          nicolae_overflow_crystal_walls, gammafunk_temple_overflow_elements,
          minmay_shallow_snake_nest
D:3:      lemuel_castle_with_subvaults, kennysheep_pointless_box

Action                   |  1- 3 |  4- 6 || total
-------------------------+-------+-------++-------
Melee: Unarmed           |   155 |   253 ||   408
 Cast: Spider Form       |     2 |    11 ||    13
 Abil: Spit Poison       |     4 |    13 ||    17
  Use: Scroll            |       |    10 ||    10
       Potion            |       |     1 ||     1
  Eat: Fruit             |     4 |       ||     4
       Chunk             |     2 |     3 ||     5
       Beef jerky        |     1 |       ||     1
       Pizza             |       |     1 ||     1
